 Dungeon Crawl Stone Soup version 0.20-a0 (webtiles) character file.

872 patrickswayze the Martial Artist (level 7, -8/52 HPs)
             Began as a Demonspawn Monk on Oct 27, 2016.
             Mangled by Menkaure (10 damage)
             ... on level 4 of the Dungeon.
             The game lasted 00:12:03 (5827 turns).

patrickswayze the Martial Artist (Demonspawn Monk)  Turns: 5827, Time: 00:12:04

Health: -8/52      AC:  7    Str: 12      XL:     7   Next: 74%
Magic:  7/7        EV: 18    Int: 10 (13) God:
Gold:   312        SH:  0    Dex: 20      Spells: 0 memorised, 6 levels left

rFire  . . .     SeeInvis .       - Unarmed
rCold  . . .     Gourm    .     a - +0 robe
rNeg   . . .     Faith    .     (no shield)
rPois  +         Spirit   .     q - +0 helmet
rElec  .         Reflect  .     k - +1 cloak
rCorr  .         Harm     .     (no gloves)
MR     .....                    (no boots)
Stlth  +++.......               (no amulet)
                                (no ring)
                                n - ring of poison resistance

@: agile
A: hooves 2, yellow scales 1, foul stench 1, rot immunity
a: no special abilities


You were on level 4 of the Dungeon.
You were not hungry.

You visited 1 branch of the dungeon, and saw 4 of its levels.

You collected 312 gold pieces.


Innate Abilities, Weirdness & Mutations

You have hoof-like feet.
You are partially covered in yellow scales. (AC +2)
You may emit foul miasma when damaged in melee.
You are immune to rotting.


   Skills:
 - Level 3.0 Fighting
 - Level 2.6 Dodging
 - Level 1.7 Stealth
 + Level 8.6 Unarmed Combat


You had 6 spell levels left.
You didn't know any spells.

Inventory:

Missiles
 w - a throwing net
Armour
 a - a +0 robe (worn)
 k - a +1 cloak (worn)
 q - a +0 helmet (worn)
Jewellery
 n - a ring of poison resistance (left hand)
 y - an uncursed amulet of faith {!P}
Scrolls
 c - a scroll of teleportation
 g - a scroll of fog
 i - 2 scrolls of remove curse {unknown}
 m - a scroll of amnesia {unknown}
 o - a scroll of blinking
 s - a scroll of enchant weapon {unknown}
 u - a scroll of recharging {unknown}
Potions
 d - a potion of cure mutation {!q}
 h - a potion of mutation {!q}
 l - a potion of cancellation {unknown}
 t - a potion of brilliance
 v - a potion of degeneration
Comestibles
 b - 3 bread rations
 j - 2 slices of pizza
 p - 4 fruits
 r - 2 beef jerkies


Message History

It was a potion of agility.
You feel agile all of a sudden.
Menkaure calls on the powers of darkness!
Your body is wracked with pain!
Menkaure hits you!
* * * LOW HITPOINT WARNING * * *
You emit a cloud of foul miasma!
You hit Menkaure but do no damage. You kick Menkaure.
Menkaure is lightly damaged.
You punch Menkaure! You kick Menkaure.
Menkaure is moderately damaged.
Menkaure mumbles some strange words.
Menkaure seems to speed up.
You hit Menkaure. You kick Menkaure, but do no damage.
Menkaure is heavily damaged.
Menkaure barely misses you.
You punch Menkaure!
Menkaure is almost destroyed.
Menkaure hits you!
You die...

#.## #.#
##.## #.#
#... #.# #..#
#.### #..#
#.##. #.
#..######.##.
#...#####
#.........##.
......M.#
#.##########.
#@####.# #.
#......# #[
#.###### ##
...# #####


You could see Menkaure.

Vanquished Creatures
  Grinder (D:4)
  Edmund (D:4)
  An ogre (D:4)
  2 big kobolds (D:3)
  Robin (D:2)
  11 gnolls
  4 adders
  An ooze (D:2)
  An adder skeleton (D:4)
  A worm (D:3)
  3 dart slugs
  4 leopard geckos
  3 orcs
  7 bats
  3 giant cockroaches
  50 goblins
  23 hobgoblins
  11 jackals
  2 quokkas
  2 ball pythons (D:1)
  7 frilled lizards
  A jackal skeleton (D:4)
  12 kobolds
  9 rats
161 creatures vanquished.

Notes
Turn   | Place    | Note
-------+----------+-------------------------------------------
     0 | D:1      | patrickswayze the Demonspawn Monk began the quest for the Orb.
     0 | D:1      | Reached XP level 1. HP: 18/18 MP: 1/1
   601 | D:1      | Reached skill level 3 in Unarmed Combat
   655 | D:1      | Gained mutation: You are immune to rotting. [demonic ancestry]
   655 | D:1      | Reached XP level 2. HP: 14/24 MP: 2/2
  1483 | D:2      | Gained mutation: You have large cloven feet. [demonic ancestry]
  1483 | D:2      | Reached XP level 3. HP: 22/29 MP: 3/3
  1669 | D:2      | Reached skill level 4 in Unarmed Combat
  1684 | D:2      | Found a white marble altar of Elyvilon.
  1720 | D:2      | Noticed Robin
  1902 | D:2      | Killed Robin
  1979 | D:2      | Gained mutation: You are partially covered in yellow scales. (AC +2) [demonic ancestry]
  1979 | D:2      | Reached XP level 4. HP: 26/35 MP: 4/4
  2496 | D:3      | Reached skill level 5 in Unarmed Combat
  2962 | D:3      | Reached XP level 5. HP: 40/41 MP: 5/5
  3425 | D:3      | Reached skill level 6 in Unarmed Combat
  3425 | D:3      | Gained mutation: You have hoof-like feet. [demonic ancestry]
  3425 | D:3      | Reached XP level 6. HP: 19/47 MP: 6/6
  4865 | D:3      | Reached skill level 7 in Unarmed Combat
  5095 | D:4      | Found a shadowy altar of Dithmenos.
  5226 | D:4      | Noticed confidenceinterval's ghost (amateur MfGl)
  5286 | D:4      | Noticed Edmund
  5310 | D:4      | HP: 6/47 [Edmund/flail of crushing (6)]
  5318 | D:4      | Gained mutation: Your magical capacity is low. (-10% MP) [potion of mutation]
  5318 | D:4      | Gained mutation: You possess an exceptional clarity of mind. [potion of mutation]
  5318 | D:4      | Gained mutation: Your magical capacity is very low. (-20% MP) [potion of mutation]
  5322 | D:4      | Killed Edmund
  5322 | D:4      | Gained mutation: You may emit foul miasma when damaged in melee. [demonic ancestry]
  5322 | D:4      | Reached XP level 7. HP: 21/52 MP: 5/5
  5695 | D:4      | Noticed Grinder
  5700 | D:4      | Lost mutation: Your magical capacity is very low. (-20% MP) [potion of cure mutation]
  5700 | D:4      | Lost mutation: You possess an exceptional clarity of mind. [potion of cure mutation]
  5700 | D:4      | Lost mutation: Your magical capacity is low. (-10% MP) [potion of cure mutation]
  5708 | D:4      | Paralysed by Grinder for 2 turns
  5713 | D:4      | Killed Grinder
  5713 | D:4      | Reached skill level 8 in Unarmed Combat
  5820 | D:4      | Noticed Menkaure
  5823 | D:4      | HP: 1/52 [Menkaure (14)]
  5827 | D:4      | Mangled by Menkaure

Vault maps used:
D:1:      minmay_arrival_widening_spiral_wide, serial_forest,
          infiniplex_forest_straight_1, infiniplex_forest_clump_diagonal,
          infiniplex_forest_clump_diagonal, infiniplex_forest_straight_1,
          infiniplex_forest_lined_4_way, infiniplex_forest_lined_room_2,
          infiniplex_forest_lined_2, infiniplex_forest_clump_small
D:2:      lemuel_crystal_altar, kennysheep_generic_room_7, uniq_robin
D:3:      minmay_goblin_kobold_castle, first_bread
D:4:      marbit_many_paths, portal_sewer_entry_c, serial_shops, shop,
          nicolae_dithmenos_shadow_blocks, uniq_edmund, uniq_menkaure,
          uniq_grinder

Action                   |  1- 3 |  4- 6 |  7- 9 || total
-------------------------+-------+-------+-------++-------
Melee: Unarmed           |   157 |   447 |    24 ||   628
       Punch             |     2 |     6 |       ||     8
       Kick              |     7 |   110 |     8 ||   125
  Use: Scroll            |     4 |     1 |     3 ||     8
       Potion            |       |     4 |     4 ||     8
 Stab: Sleeping          |     2 |     2 |       ||     4
  Eat: Chunk             |     3 |    11 |     2 ||    16
Armor: Robe              |    38 |   108 |       ||   146
       Skin              |       |       |     5 ||     5
Dodge: Dodged            |    99 |   282 |     5 ||   386
